 Dungeon Crawl Stone Soup version 0.30-a0-170-g85af917532 (webtiles) character file.

Game seed: 4986194686506202306

6841 qw the Cleaver (level 11, 0/68 HPs)
             Began as a Gargoyle Fighter on Sept 30, 2022.
             Killed from afar by a starcursed mass (10 damage)
             ... with an accursed screaming
             ... on level 1 of the Abyss.
             The game lasted 00:03:26 (7757 turns).

qw the Cleaver (Gargoyle Fighter)                   Turns: 7757, Time: 00:03:26

Health: 0/68       AC: 24    Str: 31    XL:     11   Next: 5%
Magic:  11/11      EV:  8    Int: 11    God:
Gold:   97         SH: 10    Dex:  9    Spells: 10/10 levels left

rFire   + . .      SeeInvis .    Y - +1 war axe (venom)
rCold   . . .      Faith    .    p - +0 kite shield
rNeg    + . .      Spirit   .    u - +1 chain mail {rF+}
rPois   inf        Reflect  .    q - +2 helmet {Int+3}
rElec   +          Harm     .    y - +0 cloak
rCorr   +          Rampage  .    e - +0 pair of gloves
Will    .....                    (no boots)
Stlth   ..........               k - amulet of regeneration
HPRegen 1.01/turn                t - +6 ring of strength
MPRegen 0.12/turn                x - ring of resist corrosion

@: no status effects
A: sickness immunity, AC +8, negative energy resistance 1, electricity
resistance, torment resistance 1, petrification resistance
a: no special abilities


You were on level 1 of the Abyss.
You visited 1 branch of the dungeon, and saw 9 of its levels.
You visited the Abyss 1 time.

You collected 458 gold pieces.
You spent 361 gold pieces at shops.


Innate Abilities, Weirdness & Mutations

You are immune to sickness and miasma.
Your stone body is resilient. (AC +8)
You are immune to poison.
You resist negative energy. (rN+)
You are resistant to electric shocks. (rElec)
You are resistant to unholy torment.
You are immune to petrification.


   Skills:
 - Level 8.1 Fighting
 - Level 10.4 Axes
 - Level 3.2 Throwing
 + Level 5.5 Armour
 - Level 3.2 Dodging
 - Level 9.0 Shields


You had 10 spell levels left.
You didn't know any spells.
Your spell library was empty.

Inventory:

Hand Weapons
 n - the +7 morningstar of Floods {vorpal, Str+4 Stlth+}
   (You found it on level 4 of the Dungeon)

   It inflicts extra damage upon your enemies.
   Str:       It affects your strength (+4).
   Stlth:     It makes you more stealthy.
 Y - a +1 war axe of venom (weapon)
Missiles
 l - 2 javelins (quivered)
 s - a boomerang
 v - 2 silver boomerangs
 w - 2 silver javelins
Armour
 a - a +2 chain mail of poison resistance
 e - a +0 pair of gloves (worn)
 p - a +0 kite shield (worn)
 q - a +2 helmet of intelligence (worn)
 u - a +1 chain mail of fire resistance (worn)
 y - a +0 cloak (worn)
Jewellery
 k - an amulet of regeneration (around neck)
 t - a +6 ring of strength (left hand)
 x - a ring of resist corrosion (right hand)
 z - a ring of protection from fire
 A - a ring of willpower
Scrolls
 b - a scroll of enchant weapon {unknown}
 g - a scroll of identify
Potions
 c - a potion of lignification
 d - 2 potions of might
 f - a potion of mutation {unknown}
 i - 2 potions of haste
 j - a potion of flight {unknown}
 m - a potion of attraction {unknown}
 o - 2 potions of curing
 r - a potion of resistance {unknown}

Dungeon Overview and Level Annotations

Branches:
Dungeon (9/15)             Temple (0/1) D:7
   Lair: D:8-11         Orc: D:9-12

Altars:
Gozag
Hepliaklqana
Nemelex Xobeh
Sif Muna
Uskayaw
Wu Jian

Shops:
D:7 ***

Annotations:
D:8 3 runed translucent doors, qw's ghost, novice GrFi
D:9 Erolcha


Message History

Tentacles burst from the starspawn's body!
The starcursed mass touches you.
The starcursed mass touches you! 2 starspawn tentacles come into view.
7754 ||| DRINKING potion of heal wounds.
You feel much better.
The starcursed mass barely misses you. x2; A starcursed mass splits.
A deafening chorus of shrieks assaults your mind!
The starspawn tentacle closely misses you.
The starspawn tentacle barely misses you.
The starcursed mass touches you but does no damage.
You slice the starcursed mass!!
The starcursed mass is severely damaged.
You hit the starspawn tentacle but do no damage.
You hit the starcursed mass. x2; You slash the starspawn tentacle!
You hit the starcursed mass but do no damage.
The starcursed mass shudders and is absorbed by its neighbour. x3
The starcursed mass touches you. The starspawn tentacle grabs you.
The starspawn tentacle constricts you. A chorus of shrieks assaults your mind.
You slash the starspawn tentacle!
You destroy the starspawn tentacle!
You hit the tentacled starspawn. You slash the starcursed mass!
You barely miss the starspawn tentacle.
The starcursed mass shudders and withdraws towards its neighbour.
The tentacled starspawn bites you but does no damage.
The tentacled starspawn tentacle-slaps you!
A chorus of shrieks assaults your mind.
The starspawn tentacle barely misses you.
A starspawn tentacle segment comes into view.
You hit the starcursed mass but do no damage.
The starcursed mass is heavily damaged.
You hit the starspawn tentacle.
You barely miss the starspawn tentacle segment.
You slash the tentacled starspawn!
A tentacle flies out from the starspawn's body!
The starcursed mass touches you.
You block the starspawn tentacle's attack.
A starcursed mass splits.
A chorus of shrieks assaults your mind.
You die...

.....#..#.. ..# .
....#....#...# ..
#####........###
#..#..............
..............._...
#..##.......#.#...#
...............# #.
#.#...w......##.#
#¤wX@.X..#.. .#
#..X.X...#.....#
.#..#...#........##
##.#......##.#....
#. #.#..... #.#.. #
#.........#.
.........#.#
#...#...##.##


You could see 3 starcursed masses, a tentacled starspawn and 2 starspawn
tentacles.

Vanquished Creatures
  A two-headed ogre (D:9)
  Pikel (D:6)
  A tormentor (Abyss:1)
  Prince Ribbit (D:8)
  Sigmund (D:2)
  A wyvern (D:8)
  A wraith (D:7)
  A ynoxinul (Abyss:1)
  8 yaks
  2 steam dragons
  Edmund (D:6)
  2 ice beasts
  2 orc warriors (D:9)
  2 sky beasts
  A black bear (D:7)
  3 centaurs
  2 ogres
  4 lemures (D:6)
  3 phantoms
  4 bullfrogs
  A gnoll sergeant (D:8)
  4 scorpions (D:5)
  8 wights (D:8)
  An electric eel (D:6)
  4 hounds
  7 orc priests
  6 iguanas
  Jessica (D:2)
  Terence (D:2)
  7 orc wizards
  3 gnolls (D:8)
  9 adders
  2 shadow imps
  2 worms
  2 dart slugs
  35 orcs
  6 endoplasms
  3 giant cockroaches
  11 hobgoblins
  3 quokkas
  9 ball pythons
  5 bats (D:3)
  6 frilled lizards
  14 goblins
  4 kobolds
  5 rats
  A starspawn tentacle (Abyss:1)
202 creatures vanquished.

Vanquished Creatures (others)
  30 plants
30 creatures vanquished.

Grand Total: 232 creatures vanquished

Notes
Turn   | Place    | Note
-------+----------+-------------------------------------------
     0 | D:1      | qw the Gargoyle Fighter began the quest for the Orb.
     0 | D:1      | Reached XP level 1. HP: 14/14 MP: 1/1
     0 | D:1      | 0 ||| qw: Version: 0.2-a-13-gfc7b4b4
     0 | D:1      | 0 ||| qw: Game counter: 1688
     0 | D:1      | 0 ||| qw: Always use a shield: true
     0 | D:1      | 0 ||| qw: God list: Okawaru
     0 | D:1      | 0 ||| qw: Allow faded altars: false
     0 | D:1      | 0 ||| qw: Do Orc after D:15 true
     0 | D:1      | 0 ||| qw: Do second Lair branch before Depths: true
     0 | D:1      | 0 ||| qw: Lair rune preference: random
     0 | D:1      | 0 ||| qw: Plans: Normal, Zot:1-4, God:TSO, Crypt, Tomb,
                  | Pan, Slime:5, Hells, Abyss, Orb
     0 | D:1      | 0 ||| PLANNING D:1-11
    30 | D:1      | 30 ||| Stepping ~*~*~tactically~*~*~ (stealth).
   102 | D:1      | 102 ||| Stepping ~*~*~tactically~*~*~ (stealth).
   104 | D:1      | 104 ||| Stepping ~*~*~tactically~*~*~ (stealth).
   114 | D:1      | Reached skill level 2 in Axes
   188 | D:1      | 188 ||| Stepping ~*~*~tactically~*~*~ (stealth).
   190 | D:1      | 190 ||| Stepping ~*~*~tactically~*~*~ (stealth).
   191 | D:1      | 191 ||| Stepping ~*~*~tactically~*~*~ (stealth).
   195 | D:1      | 195 ||| Stepping ~*~*~tactically~*~*~ (stealth).
   198 | D:1      | 198 ||| Stepping ~*~*~tactically~*~*~ (stealth).
   339 | D:1      | Reached XP level 2. HP: 17/19 MP: 2/2
  1031 | D:1      | 1031 ||| DROPPING +0 club.
  1317 | D:1      | 1317 ||| UPGRADING to amulet of regeneration.
  1322 | D:1      | 1322 ||| READING 3 scrolls labelled FULARACEI.
  1323 | D:1      | 1323 ||| READING scroll labelled NUAGHO JEESCH.
  1324 | D:1      | 1324 ||| READING 2 scrolls labelled HOONEO JAOQABU.
  1325 | D:1      | 1325 ||| READING 3 scrolls labelled CYEBY CUCIAJA.
  1326 | D:1      | 1326 ||| READING scroll labelled PUSIUFFALIH.
  1327 | D:1      | 1327 ||| DROPPING 2 scrolls of blinking.
  1328 | D:1      | 1328 ||| DROPPING 2 scrolls of immolation.
  1415 | D:2      | Noticed Jessica
  1416 | D:2      | 1416 ||| Stepping ~*~*~tactically~*~*~ (hiding).
  1422 | D:2      | Killed Jessica
  1423 | D:2      | Reached skill level 3 in Axes
  1423 | D:2      | Reached XP level 3. HP: 21/23 MP: 3/3
  1546 | D:2      | Reached XP level 4. HP: 28/28 MP: 4/4
  1656 | D:2      | 1656 ||| Stepping ~*~*~tactically~*~*~ (stealth).
  1663 | D:2      | Noticed Terence
  1664 | D:2      | 1664 ||| Stepping ~*~*~tactically~*~*~ (hiding).
  1674 | D:2      | Killed Terence
  1675 | D:2      | Reached skill level 4 in Axes
  1781 | D:2      | 1781 ||| Stepping ~*~*~tactically~*~*~ (stealth).
  1782 | D:2      | 1782 ||| Stepping ~*~*~tactically~*~*~ (stealth).
  2031 | D:2      | Noticed Sigmund
  2032 | D:2      | 2032 ||| Stepping ~*~*~tactically~*~*~ (hiding).
  2044 | D:2      | Killed Sigmund
  2045 | D:2      | Reached skill level 5 in Axes
  2045 | D:2      | Reached XP level 5. HP: 31/32 MP: 5/5
  2045 | D:2      | Reached XP level 6. HP: 36/37 MP: 6/6
  2135 | D:2      | 2135 ||| READING scroll labelled XINNA ICILEANG.
  2136 | D:2      | 2136 ||| READING scroll labelled DIAHEQ CEUMUK.
  2137 | D:2      | 2137 ||| READING 2 scrolls of identify.
  2137 | D:2      | 2137 ||| IDENTIFYING black potion
  2138 | D:2      | 2138 ||| DROPPING potion of degeneration.
  2147 | D:3      | Found a hazy altar of Hepliaklqana.
  2361 | D:3      | 2361 ||| Stepping ~*~*~tactically~*~*~ (stealth).
  2363 | D:3      | 2363 ||| Stepping ~*~*~tactically~*~*~ (stealth).
  2364 | D:3      | 2364 ||| Stepping ~*~*~tactically~*~*~ (stealth).
  2414 | D:3      | Found a sparkling altar of Nemelex Xobeh.
  2487 | D:3      | 2487 ||| Stepping ~*~*~tactically~*~*~ (stealth).
  2492 | D:3      | 2492 ||| Stepping ~*~*~tactically~*~*~ (stealth).
  2493 | D:3      | 2493 ||| Stepping ~*~*~tactically~*~*~ (stealth).
  2680 | D:3      | Found a faded altar of an unknown god.
  2899 | D:3      | 2899 ||| DRINKING 2 white potions.
  2900 | D:3      | 2900 ||| READING 4 scrolls of identify.
  2900 | D:3      | 2900 ||| IDENTIFYING dark potion
  2901 | D:3      | 2901 ||| READING 3 scrolls of identify.
  2901 | D:3      | 2901 ||| IDENTIFYING fuming clear potion
  2902 | D:3      | 2902 ||| READING 2 scrolls of identify.
  2902 | D:3      | 2902 ||| IDENTIFYING red potion
  2903 | D:3      | 2903 ||| DROPPING potion of invisibility.
  2904 | D:3      | 2904 ||| DROPPING potion of magic.
  3006 | D:4      | 3006 ||| Stepping ~*~*~tactically~*~*~ (stealth).
  3035 | D:4      | Reached skill level 1 in Dodging
  3124 | D:4      | 3124 ||| Stepping ~*~*~tactically~*~*~ (stealth).
  3322 | D:4      | 3322 ||| Stepping ~*~*~tactically~*~*~ (stealth).
  3324 | D:4      | 3324 ||| Stepping ~*~*~tactically~*~*~ (hiding).
  3326 | D:4      | 3326 ||| Stepping ~*~*~tactically~*~*~ (hiding).
  3327 | D:4      | 3327 ||| Stepping ~*~*~tactically~*~*~ (hiding).
  3331 | D:4      | 3331 ||| Stepping ~*~*~tactically~*~*~ (hiding).
  3337 | D:4      | 3337 ||| DRINKING potion of curing.
  3337 | D:4      | 3337 ||| (to cure confusion)
  3359 | D:4      | Reached skill level 6 in Axes
  3378 | D:4      | Identified the +7 morningstar of Floods {vorpal, Str+4
                  | Stlth+}
  3380 | D:4      | 3380 ||| DROPPING +0 flail.
  3388 | D:4      | Found an ornate altar of the Wu Jian Council.
  3440 | D:4      | 3440 ||| UPGRADING to +2 chain mail of poison resistance.
  3450 | D:4      | 3450 ||| DROPPING +0 scale mail.
  3451 | D:4      | 3451 ||| UPGRADING to +0 pair of gloves.
  3484 | D:5      | Entered Level 5 of the Dungeon
  3552 | D:5      | Reached XP level 7. HP: 36/43 MP: 7/7
  3727 | D:5      | 3727 ||| Stepping ~*~*~tactically~*~*~ (hiding).
  3728 | D:5      | 3728 ||| Stepping ~*~*~tactically~*~*~ (hiding).
  3736 | D:5      | Reached skill level 7 in Axes
  3805 | D:5      | Reached skill level 1 in Throwing
  3805 | D:5      | Reached XP level 8. HP: 45/49 MP: 8/8
  4129 | D:5      | 4129 ||| Stepping ~*~*~tactically~*~*~ (stealth).
  4143 | D:5      | 4143 ||| Stepping ~*~*~tactically~*~*~ (stealth).
  4261 | D:5      | 4261 ||| Stepping ~*~*~tactically~*~*~ (hiding).
  4272 | D:5      | Reached skill level 8 in Axes
  4445 | D:5      | 4445 ||| UPGRADING to +0 kite shield.
  4455 | D:5      | 4455 ||| DROPPING +0 buckler.
  4456 | D:5      | 4456 ||| UPGRADING to +6 ring of strength.
  4458 | D:5      | 4458 ||| READING scroll labelled VOECIS FEUPROC.
  4462 | D:5      | 4462 ||| READING scroll labelled PEUSAD SOENTU.
  4465 | D:5      | 4465 ||| READING 2 scrolls of identify.
  4465 | D:5      | 4465 ||| IDENTIFYING emerald potion
  4466 | D:5      | 4466 ||| DROPPING potion of brilliance.
  4481 | D:6      | 4481 ||| STAIRDANCE
  4487 | D:6      | 4487 ||| STAIRDANCE
  4643 | D:6      | 4643 ||| Stepping ~*~*~tactically~*~*~ (hiding).
  4652 | D:6      | Reached skill level 6 in Shields
  4652 | D:6      | Reached XP level 9. HP: 54/54 MP: 9/9
  4668 | D:6      | Noticed Pikel
  4675 | D:6      | 4675 ||| Stepping ~*~*~tactically~*~*~ (stealth).
  4685 | D:6      | 4685 ||| DRINKING 2 potions of curing.
  4685 | D:6      | 4685 ||| (to cure confusion)
  4690 | D:6      | 4690 ||| Stepping ~*~*~tactically~*~*~ (stealth).
  4705 | D:6      | 4705 ||| Stepping ~*~*~tactically~*~*~ (water).
  4745 | D:6      | Killed Pikel
  4837 | D:6      | Noticed Edmund
  4853 | D:6      | Killed Edmund
  4954 | D:6      | Found a hide-covered altar of Uskayaw.
  5333 | D:7      | Found Qasos's General Store.
  5347 | D:7      | 5347 ||| BUYING +2 helmet of intelligence (236 gold).
  5347 | D:7      | Bought a +2 helmet of intelligence for 236 gold pieces
  5347 | D:7      | 5347 ||| SHOPLISTING potion of curing (33 gold, have 30).
  5347 | D:7      | 5347 ||| SHOPLISTING scroll of teleportation (33 gold, have
                  | 30).
  5376 | D:7      | 5376 ||| SWAPPING to +1 war axe of venom.
  5377 | D:7      | 5377 ||| DROPPING +0 war axe.
  5551 | D:7      | 5551 ||| Stepping ~*~*~tactically~*~*~ (hiding).
  5552 | D:7      | 5552 ||| Stepping ~*~*~tactically~*~*~ (hiding).
  5712 | D:7      | 5712 ||| Stepping ~*~*~tactically~*~*~ (cloud).
  5720 | D:7      | 5720 ||| Stepping randomly (cloudy).
  5721 | D:7      | 5721 ||| Stepping ~*~*~tactically~*~*~ (cloud).
  5836 | D:7      | 5836 ||| UPGRADING to +2 helmet of intelligence.
  5842 | D:7      | Found a staircase to the Ecumenical Temple.
  5904 | D:7      | Reached skill level 9 in Axes
  5904 | D:7      | Reached XP level 10. HP: 63/63 MP: 10/10
  5907 | D:7      | Found Kiutalor's General Store.
  5942 | D:7      | Found Viliepn's Assorted Antiques.
  5945 | D:7      | 5945 ||| BUYING coral ring (125 gold).
  5945 | D:7      | Bought a coral ring for 125 gold pieces
  5945 | D:7      | 5945 ||| SHOPLISTING potion of might (100 gold, have 14).
  5945 | D:7      | 5945 ||| SHOPLISTING scroll labelled FITAJO MOTA (25 gold,
                  | have 14).
  6033 | D:7      | 6033 ||| Stepping ~*~*~tactically~*~*~ (stealth).
  6035 | D:7      | 6035 ||| Stepping ~*~*~tactically~*~*~ (stealth).
  6038 | D:7      | 6038 ||| Stepping ~*~*~tactically~*~*~ (stealth).
  6041 | D:7      | Reached skill level 3 in Throwing
  6042 | D:7      | 6042 ||| Stepping ~*~*~tactically~*~*~ (stealth).
  6169 | D:7      | 6169 ||| UPGRADING to ring of resist corrosion.
  6170 | D:7      | 6170 ||| READING 2 scrolls of identify.
  6170 | D:7      | 6170 ||| IDENTIFYING grey potion
  6171 | D:7      | 6171 ||| DROPPING potion of ambrosia.
  6233 | D:8      | Noticed Prince Ribbit
  6239 | D:8      | Killed Prince Ribbit
  6240 | D:8      | Reached skill level 9 in Shields
  6319 | D:8      | Found a shimmering blue altar of Sif Muna.
  6349 | D:8      | Found a flagged portal.
  6468 | D:8      | 6468 ||| Stepping ~*~*~tactically~*~*~ (hiding).
  6469 | D:8      | 6469 ||| Stepping ~*~*~tactically~*~*~ (hiding).
  6472 | D:8      | Found an opulent altar of Gozag.
  6613 | D:8      | 6613 ||| Stepping ~*~*~tactically~*~*~ (hiding).
  6641 | D:8      | Found a runed translucent gate.
  6642 | D:8      | Found a runed translucent gate.
  6645 | D:8      | Found a runed translucent gate.
  6647 | D:8      | Noticed qw's ghost (novice GrFi)
  6929 | D:8      | 6929 ||| READING 2 scrolls labelled SUUFYNAPOT.
  6930 | D:8      | 6930 ||| READING 2 scrolls of identify.
  6930 | D:8      | 6930 ||| IDENTIFYING fizzy inky potion
  6931 | D:8      | 6931 ||| DROPPING scroll of fear.
  6988 | D:9      | 6988 ||| Stepping ~*~*~tactically~*~*~ (stealth).
  6998 | D:9      | Reached skill level 10 in Axes
  7172 | D:9      | Noticed a two-headed ogre
  7181 | D:9      | Killed a two-headed ogre
  7182 | D:9      | Reached skill level 3 in Dodging
  7685 | D:9      | Noticed Erolcha
  7696 | Abyss:1  | Found a corrupted altar of Lugonu.
  7696 | Abyss:1  | Cast into level 1 of the Abyss (Erolcha)
  7697 | Abyss:1  | 7697 ||| UPGRADING to +1 chain mail of fire resistance.
  7723 | Abyss:1  | Reached XP level 11. HP: 31/68 MP: 11/11
  7723 | Abyss:1  | 7723 ||| UPGRADING to +0 cloak.
  7736 | Abyss:1  | HP: 3/68 [ynoxinul/iron shot (29)]
  7737 | Abyss:1  | 7737 ||| DRINKING 2 potions of heal wounds.
  7744 | Abyss:1  | Noticed a starcursed mass
  7751 | Abyss:1  | Noticed a tentacled starspawn
  7753 | Abyss:1  | HP: 15/68 [starcursed mass (7)]
  7754 | Abyss:1  | 7754 ||| DRINKING potion of heal wounds.
  7757 | Abyss:1  | Killed from afar by a starcursed mass

Levels and vault maps discovered:
D:1:      onia_arrival_mini_spirals, layout_loops_corners
D:2:      layout_basic, minmay_parallelograms, grunt_ministairs_3, uniq_jessica,
          uniq_sigmund, uniq_terence
D:3:      minmay_diamond_boxcup, layout_basic, mainiacjoe_overflow_24_doors,
          nicolae_hepliaklqana_hazy_memory, dreamdust_ecumenical_altar_grove
D:4:      layout_rooms, nicolae_wu_jian_glorious_leap
D:5:      corexii_shack_village, layout_loops_ring, minivault_26,
          serial_bayou_ford_a, kennysheep_opposing_triangles
D:6:      layout_basic, lemuel_coloured_pillars_altar, serial_bayou,
          serial_bayou_lagoon_a, serial_bayou_shore_a, serial_bayou_pond_e,
          serial_bayou_crossing, uniq_pikel, uniq_edmund
D:7:      layout_layer_cave, minmay_temple_entry_slanted, serial_shops,
          nicolae_shop_behind_doors, nicolae_lakefront_shop, shop
D:8:      layout_gridville, nicolae_sif_muna_little_library,
          grunt_gozag_breadcrumbs, gammafunk_ghost_spectres, enter_bailey_8,
          amcnicky_mini_corridor_feature, hangedman_decor_clover_reticule,
          uniq_prince_ribbit1
D:9:      layout_grid_maze, uniq_erolcha
Abyss:1:  base:
D:8

Skill      XL: |  1  2  3  4  5  6  7  8  9 10 |
---------------+-------------------------------+-----
Axes           | 2 3 5 6 7 8 9 10 | 10.4
Fighting       | 4 5 7 8 |  8.1
Dodging        | 1 3 |  3.2
Throwing       | 1 2 3 |  3.2
Shields        | 6 8 9 |  9.0
Armour         | 4 5 |  5.5

Action                   |  1- 3 |  4- 6 |  7- 9 | 10-12 || total
-------------------------+-------+-------+-------+-------++-------
Melee: War axe           |    40 |   242 |   308 |   142 ||   732
Throw: Boomerang         |       |     2 |     4 |       ||     6
       Javelin           |       |       |    29 |    18 ||    47
  Use: Scroll            |     5 |     6 |     3 |     3 ||    17
       Potion            |       |     2 |     1 |     2 ||     5
Armor: Scale mail        |    17 |   129 |       |       ||   146
       Chain mail        |       |    12 |   229 |   106 ||   347
Dodge: Dodged            |    14 |   103 |    90 |    62 ||   269
Block: Buckler           |     4 |    40 |    24 |       ||    68
       Kite shield       |       |       |    82 |    69 ||   151

Table legend:
 A = Non-vault XP
 B = Vault XP
 C = Vault XP percentage of total XP
 D = Non-vault monster count
 E = Vault monster count
 F = Vault count percentage of total count
                 A         B        C        D         E       F
            +---------+---------+-------+---------+---------+-------
      Total |    8029 |    1745 |  17.9 |     163 |      34 |  17.3
            +---------+---------+-------+---------+---------+-------
        D:1 |      19 |       0 |   0.0 |      10 |       0 |   0.0
        D:2 |      61 |     297 |  83.0 |      21 |       4 |  16.0
        D:3 |      30 |      28 |  48.3 |      16 |      10 |  38.5
        D:4 |     154 |       0 |   0.0 |      14 |       0 |   0.0
        D:5 |    1037 |     301 |  22.5 |      23 |      17 |  42.5
        D:6 |     943 |     842 |  47.2 |      25 |       2 |   7.4
        D:7 |    2050 |       0 |   0.0 |      18 |       0 |   0.0
        D:8 |    1247 |     277 |  18.2 |      17 |       1 |   5.6
        D:9 |    1907 |       0 |   0.0 |      17 |       0 |   0.0
    Abyss:1 |     581 |       0 |   0.0 |       2 |       0 |   0.0
            +---------+---------+-------+---------+---------+-------
